 Dungeon Crawl Stone Soup version 0.29-a0-286-g41199d4a87 (webtiles) character file.

Game seed: 17686032370340552284

9834 esteth the Warrior (level 11, -21/115 HPs)
             Began as a Minotaur Fighter on Mar 16, 2022.
             Was a Follower of Ashenzari.
             Demolished by a large abomination (30 damage)
             ... on level 2 of the Abyss.
             The game lasted 00:18:28 (11777 turns).

esteth the Warrior (Minotaur Fighter)              Turns: 11777, Time: 00:18:29

Health: -21/115    AC: 10    Str: 29    XL:     11   Next: 28%
Magic:  3/3        EV:  9    Int:  5    God:    Ashenzari [*.....]
Gold:   1121       SH:  6    Dex: 23    Spells: 10/10 levels left

rFire   + + +      SeeInvis +   U - +11 broad axe of Parts Unknown {antimagic, rF+++ Will- Dex+8 SInv}
rCold   + . .      Faith    .   c - +0 buckler of the Profound Seeker {Melee, Cun} (curse)
rNeg    . . .      Spirit   .   J - +2 scale mail {Will+}
rPois   .          Reflect  .   (helmet restricted)
rElec   .          Harm     .   Z - scarf {rC+ rF+}
rCorr   .          Rampage  .   N - +0 pair of gloves {Dex+3}
Will    .....                   (no boots)
Stlth   +.........              (no amulet)
HPRegen 0.29/turn               S - ring "Enigmatic Limitation" {Str+6, Self, Melee} (curse)
MPRegen 0.08/turn               (no ring)

@: studying Fighting
A: horns 2, retaliatory headbutt
a: Renounce Religion, Curse Item, Shatter the Chains


You were on level 2 of the Abyss.
You worshipped Ashenzari.
Ashenzari was aware of your devotion.
You visited 1 branch of the dungeon, and saw 9 of its levels.
You visited the Abyss 1 time.
You also visited: Bailey.

You collected 1121 gold pieces.


Innate Abilities, Weirdness & Mutations

You have a pair of horns on your head.
You reflexively headbutt those who attack you in melee.


   Skills:
 + Level 15.7(16.4) Fighting
 + Level 15.0(16.2) Axes
 - Level 3.6 Armour
 - Level 3.6 Shields


You had 10 spell levels left.
You didn't know any spells.
Your spell library contained the following spells:

 Spells                   Type           Power      Damage    Failure   Level
 Animate Skeleton         Necr           0%         N/A       83%         1
 Pain                     Necr           0%         1d4       83%         1
 Sting                    Tmut/Pois      0%         1d3       83%         1
 Poisonous Vapours        Pois/Air       0%         N/A       92%         2
 Conjure Flame            Conj/Fire      0%         6-21      99%         3
 Frozen Ramparts          Ice            0%         1d2       99%         3
 Ignite Poison            Fire/Tmut/Pois 0%         N/A       99%         3
 Vampiric Draining        Necr           0%         2d6       99%         3
 Hailstorm                Conj/Ice       0%         3d3       100%        4
 Ice Form                 Ice/Tmut       0%         N/A       100%        4
 Olgreb's Toxic Radiance  Pois           0%         N/A       100%        4
 Sticky Flame             Conj/Fire      0%         2d3       100%        4
 Summon Ice Beast         Ice/Summ       0%         N/A       100%        4
 Simulacrum               Ice/Necr       0%         N/A       100%        6

Inventory:

Hand Weapons
 a - a +0 war axe
 U - the +11 broad axe of Parts Unknown (weapon) {antimagic, rF+++ Will- Dex+8 SInv}
   (You acquired it on level 5 of the Dungeon)

   It reduces the magical energy of the wielder, and disrupts the spells and
   magical abilities of those it strikes.
   Natural abilities and divine invocations are not affected.
   Dex:       It affects your dexterity (+8).
   rF:        It renders you almost immune to fire.
   SInv:      It lets you see invisible.
   Will:      It decreases your willpower.
Missiles
 b - 3 throwing nets {=f!f}
 d - a curare-tipped dart {=f}
 f - 295 stones (quivered)
 n - 2 atropa-tipped darts
 r - 5 datura-tipped darts
 y - 8 boomerangs
 M - 28 poisoned darts
Armour
 c - the cursed +0 buckler of the Profound Seeker (worn) {Melee, Cun}

   It has a curse which improves the following skills: Melee Combat: Short
   Blades, Long Blades, Axes, Maces & Flails, Polearms, Staves and Unarmed
   Combat.
   Cunning:   Dodging and Stealth.
 h - a +0 ring mail
   (You found it on level 9 of the Dungeon)
 j - a +0 plate armour
   (You took it off an orc warrior on level 9 of the Dungeon)
 k - a +0 robe
   (You found it on level 9 of the Dungeon)
 J - a +2 scale mail of willpower (worn)
   (You found it on level 4 of the Dungeon)
 N - a +0 pair of gloves of dexterity (worn)
   (You found it on level 8 of the Dungeon)
 V - a +3 chain mail of cold resistance
   (You took it off a gnoll shaman in a bailey)
 Z - a scarf of resistance (worn)
   (You found it on level 8 of the Dungeon)
Magical Staves
 x - a staff of earth {!a}
   (You found it in a bailey)
Jewellery
 S - the cursed ring "Enigmatic Limitation" (left hand) {Str+6, Self, Melee}
   (You found it on level 3 of the Dungeon)

   [ring of strength]

   Str:       It affects your strength (+6).
   It has a curse which improves the following skills: Introspection: Fighting
   and Spellcasting.
   Melee Combat: Short Blades, Long Blades, Axes, Maces & Flails, Polearms,
   Staves and Unarmed Combat.
 T - an amulet of faith {!P}
   (You found it on level 6 of the Dungeon)
Wands
 E - a wand of acid (10)
   (You found it on level 3 of the Dungeon)
 G - a wand of mindburst (13)
   (You found it on level 8 of the Dungeon)
 H - a wand of polymorph (14)
   (You found it on level 8 of the Dungeon)
 L - a wand of flame (42)
   (You took it off Eustachio on level 5 of the Dungeon)
Scrolls
 e - 4 scrolls of magic mapping {!r}
 i - 5 scrolls of enchant armour
 m - a scroll of vulnerability {!r!r}
 p - 8 scrolls of identify {@r1}
 u - a scroll of noise {!r}
 w - 6 scrolls of teleportation {@r4}
 z - a scroll of fear
 W - 3 scrolls of torment {!r}
Potions
 g - 2 potions of degeneration {!q}
 l - a potion of ambrosia
 s - 2 potions of flight
 t - a potion of cancellation
 B - 4 potions of curing {@q1}
 C - 2 potions of might
 D - a potion of brilliance
 Q - 2 potions of heal wounds {@q2}
 R - 2 potions of magic
Miscellaneous
 O - a tin of tremorstones (2/2)
   (You found it on level 8 of the Dungeon)

Dungeon Overview and Level Annotations

Branches:
Dungeon (9/15)             Temple (0/1) D:7          Bailey (visited)
   Lair: D:8-11         Orc: D:9-12

Altars:
Ashenzari
Yredelemnul

Shops:
D:3 [   D:6 [

Annotations:
D:1 exclusion: downstairs
D:3 1 runed translucent door
D:9 Erolcha

.## .. . .....
#.. . ..... ....
.# . .##...#
#.##.#..
..#..#.#..#...#
....#...#...#.#
##....X.#..#.#
#..#...#X@....#
##......X#.#..#
#..........# ...
#.##...#.##...#.
# # ###.###.#
#... . ....##.
.....#D. ....
.....
........#.## ##.
# .. . .#...
.#.# # .
#........###


You could see 2 thrashing horrors and a large abomination.


Message History

The green ugly thing basks in the mutagenic energy from its kin and changes!
As you open the door, it creaks loudly!
There is an open door here.
Your extra speed is starting to run out.
There is an open door here.
You feel yourself slow down.
A small abomination comes into view.
You block the small abomination's attack.
You slash the small abomination!
You headbutt the small abomination, but do no damage.
The small abomination barely misses you.
You slash the small abomination! You headbutt the small abomination.
You slice the small abomination!!
You destroy the small abomination!
That felt strangely unrewarding.
A large abomination comes into view.
You closely miss the large abomination. You barely miss the large abomination.
You block the large abomination's attack.
The thrashing horror roars!
You slash the large abomination!
You hear a roar!
You block the large abomination's attack.
You slash the large abomination!
Your headbutt misses the large abomination.
The large abomination hits you.
A thrashing horror comes into view. 😕 HP[-1]
You take 1 damage, and now have 114/115 hp.
You hit the large abomination.
The large abomination hits you. 😕 HP[-6]
You take 6 damage, and now have 108/115 hp.
You slash the large abomination!
The large abomination closely misses you.
You furiously retaliate!
You headbutt the large abomination. You slice the large abomination!!
You destroy the large abomination!
That felt strangely unrewarding.
The thrashing horror tramples you.
You hold your ground!
The thrashing horror tramples you.
You hold your ground! 😕 HP[-7]
You take 7 damage, and now have 101/115 hp.
You slice the thrashing horror!! The thrashing horror tramples you.
You hold your ground!
You block the thrashing horror's attack.
The thrashing horror tramples you!
You hold your ground!
The thrashing horror barely misses you. 😮 HP[-17]
You take 17 damage, and now have 84/115 hp.
You hit the thrashing horror.
You block the thrashing horror's attack. x2
You closely miss the thrashing horror.
Your headbutt misses the thrashing horror.
The thrashing horror tramples you!
You hold your ground!
The thrashing horror tramples you but does no damage. 😮 HP[-13]
You take 13 damage, and now have 71/115 hp.
You hit the thrashing horror but do no damage.
The thrashing horror tramples you!
You hold your ground!
The thrashing horror tramples you.
You hold your ground!
A large abomination comes into view. 😮 HP[-11]
You take 11 damage, and now have 60/115 hp.
You slash the thrashing horror!
You block the thrashing horror's attack.
The thrashing horror tramples you but does no damage.
The thrashing horror tramples you.
* * * LOW HITPOINT WARNING * * *
You hold your ground!
The thrashing horror tramples you but does no damage. 😨 HP[-3]
You take 3 damage, and now have 57/115 hp.
Really read
o - a scroll of blinking {!r}? [Y]es or [N]o only, please.
Really read
o - a scroll of blinking {!r}?
Blink to where?
Press: ? - help, Dir - move target A bone dragon comes into view.
As you read the scroll of blinking {!r}, it crumbles to dust.
The large abomination hits you!
* * * LOW HITPOINT WARNING * * *
😨 HP[-9]
You take 9 damage, and now have 48/115 hp.
The thrashing horror tramples you.
* * * LOW HITPOINT WARNING * * *
You hold your ground!
The thrashing horror tramples you but does no damage.
The large abomination hits you!!
* * * LOW HITPOINT WARNING * * *
😱 HP[-40]
You take 40 damage, and now have 8/115 hp.
MASSIVE DAMAGE!! (PAUSE)
The thrashing horror tramples you but does no damage.
You block the thrashing horror's attack. 😱 HP[+1]
The thrashing horror attacks as you move away!
You block the thrashing horror's attack.
The thrashing horror tramples you but does no damage.
The large abomination attacks as you move away!
The large abomination hits you!!
You die...

Skill      XL: |  1  2  3  4  5  6  7  8  9 10 11 |
---------------+----------------------------------+-----
Fighting       | 4 5 6 7 8 10 12 14 15 | 15.7
Axes           | 3 4 5 6 8 10 12 14 15 | 15.0
Armour         | |  3.6
Shields        | |  3.6

Action                   |  1- 3 |  4- 6 |  7- 9 | 10-12 || total
-------------------------+-------+-------+-------+-------++-------
Melee: War axe           |   109 |   103 |    94 |       ||   306
       Headbutt          |    18 |    15 |    33 |    28 ||    94
       Broad axe         |       |       |    57 |   176 ||   233
Invok: Curse Item        |     1 |       |     1 |       ||     2
  Use: Potion            |       |     3 |     2 |     2 ||     7
       Scroll            |       |       |     1 |     2 ||     3
 Stab: Invisible         |       |       |     1 |     2 ||     3
       Distracted        |       |       |       |     1 ||     1
Armor: Scale mail        |    64 |    38 |    47 |    46 ||   195
Dodge: Dodged            |    49 |    57 |    69 |    94 ||   269
Block: Buckler           |    32 |    24 |    27 |    70 ||   153

Levels and vault maps discovered:
D:1:      elethiomel_arrival_shortcut, layout_basic
D:2:      layout_basic, nicolae_ecumenical_oubliette
D:3:      layout_basic, dk_yredelemnul_ordeal, serial_shops,
          nicolae_shop_waterfront, minmay_snake_closets
D:4:      layout_cave_pods
D:5:      wad_river_or_something, layout_gridville, uniq_eustachio
D:6:      layout_basic, serial_shops, nicolae_shop_stone, hangedman_decor_points
D:7:      layout_layer_cave, minmay_temple_entry_slanted, uniq_prince_ribbit1,
          uniq_joseph
D:8:      layout_layer_cave, enter_bailey_2, gammafunk_ghost_berserking_beasts
D:9:      layout_loops_ring, minmay_lair_entry_grove, serial_bayou,
          serial_bayou_shore_b, serial_bayou_ford_a, serial_bayou_pond_c,
          serial_bayou_crossing, kennysheep_another_room, uniq_erolcha
Abyss:2:  base:
D:5

Notes
Turn   | Place    | Note
-------+----------+-------------------------------------------
     0 | D:1      | esteth the Minotaur Fighter began the quest for the Orb.
     0 | D:1      | Reached XP level 1. HP: 19/19 MP: 0/0
     0 | D:1      | magus.rc [v1.11.3]
   124 | D:1      | You add the spells Conjure Flame, Ignite Poison and Sticky
                  | Flame to your library.
   210 | D:1      | Reached skill level 4 in Fighting
   212 | D:1      | Reached skill level 3 in Axes
   212 | D:1      | Reached XP level 2. HP: 23/27 MP: 1/1
   882 | D:2      | Found a faded altar of an unknown god.
   886 | D:2      | Prayed at the altar of an unknown god.
   886 | D:2      | Became a worshipper of Ashenzari the Shackled
  1038 | D:2      | You pick up a book of Necromancy and begin reading...
  1038 | D:2      | You add the spells Pain, Animate Skeleton and Vampiric
                  | Draining to your library.
  1239 | D:2      | Reached XP level 3. HP: 34/34 MP: 2/2
  1814 | D:3      | Reached skill level 4 in Axes
  1824 | D:3      | You pick up a book of the Tundra and begin reading...
  1824 | D:3      | You add the spells Hailstorm, Ice Form and Simulacrum to
                  | your library.
  1959 | D:3      | Found Wakluset's Antique Armour Emporium.
  2209 | D:3      | Reached skill level 5 in Fighting
  2209 | D:3      | Reached XP level 4. HP: 32/42 MP: 3/3
  2286 | D:3      | Noticed a human
  2287 | D:3      | Found a runed translucent door.
  2290 | D:3      | Found a basalt altar of Yredelemnul.
  2361 | D:3      | Noticed a kobold brigand
  2363 | D:3      | HP: 10/42 [kobold brigand/+0 club (5)]
  2366 | D:3      | Killed a kobold brigand
  2367 | D:3      | Reached skill level 5 in Axes
  2367 | D:3      | Reached XP level 5. HP: 42/50 MP: 4/4
  2844 | D:4      | Reached skill level 6 in Fighting
  2901 | D:4      | HP: 12/50 [gnoll/+0 spear (6)]
  2904 | D:4      | Reached XP level 6. HP: 9/57 MP: 5/5
  2904 | D:4      | HP: 3/57 [gnoll/+3 spear (6)]
  3257 | D:4      | Reached skill level 6 in Axes
  3568 | D:4      | Reached skill level 7 in Fighting
  4220 | D:5      | Entered Level 5 of the Dungeon
  4224 | D:5      | Reached XP level 7. HP: 55/66 MP: 6/6
  4227 | D:5      | Reached skill level 7 in Axes
  4439 | D:5      | Noticed Eustachio
  4446 | D:5      | Killed Eustachio
  4447 | D:5      | Reached skill level 8 in Fighting
  4641 | D:5      | Reached skill level 8 in Axes
  4655 | D:5      | Reached XP level 8. HP: 23/77 MP: 7/7
  4954 | D:5      | Reached skill level 9 in Fighting
  5053 | D:5      | Reached skill level 9 in Axes
  5168 | D:5      | Reached skill level 10 in Fighting
  5371 | D:5      | Reached * piety under Ashenzari
  5371 | D:5      | Identified 2 scrolls of acquirement
  5524 | D:5      | Reached skill level 10 in Axes
  5718 | D:5      | Acquired the +11 broad axe of Parts Unknown {antimagic,
                  | rF+++ Will- Dex+8 SInv}
  5727 | D:5      | Reached XP level 9. HP: 89/89 MP: 2/8
  5917 | D:6      | Found Buruad's Armour Emporium.
  5975 | D:6      | Noticed a boulder beetle
  6008 | D:6      | Killed a boulder beetle
  6009 | D:6      | Reached skill level 11 in Fighting
  6009 | D:6      | Reached skill level 11 in Axes
  6407 | D:6      | You pick up a book of Rime and begin reading...
  6407 | D:6      | You add the spells Frozen Ramparts and Summon Ice Beast to
                  | your library.
  6914 | D:7      | Noticed Prince Ribbit
  6918 | D:7      | Killed Prince Ribbit
  6919 | D:7      | Reached skill level 12 in Fighting
  6928 | D:7      | Reached skill level 12 in Axes
  7140 | D:7      | Noticed Joseph
  7145 | D:7      | Found a staircase to the Ecumenical Temple.
  7149 | D:7      | Killed Joseph
  7289 | D:7      | Reached XP level 10. HP: 92/101 MP: 3/9
  7339 | D:7      | You add the spells Sting, Poisonous Vapours and Olgreb's
                  | Toxic Radiance to your library.
  7866 | D:7      | Reached skill level 13 in Fighting
  8315 | D:8      | Reached skill level 13 in Axes
  8333 | D:8      | Found a flagged portal.
  8344 | Bailey   | Entered a bailey
  9173 | Bailey   | HP: 23/104 [gnoll/+0 halberd (13)]
  9762 | D:8      | Reached skill level 14 in Fighting
  9944 | D:8      | Found a transporter.
  9947 | D:8      | Noticed Grinfader's ghost (novice BaHu)
  9950 | D:8      | Noticed a moth of wrath
  9964 | D:8      | Reached skill level 14 in Axes
  9998 | D:8      | Killed a moth of wrath
 10000 | D:8      | Killed Grinfader's ghost
 10001 | D:8      | Reached XP level 11. HP: 113/113 MP: 3/10
 10087 | D:8      | Found a transporter.
 10124 | D:8      | Acquired a manual of Fighting
 10625 | D:8      | Reached skill level 15 in Fighting
 11614 | D:9      | Reached skill level 15 in Axes
 11661 | D:9      | Noticed Erolcha
 11664 | D:9      | You are cast into the Abyss!
 11664 | D:9      | Cast into level 2 of the Abyss (Erolcha)
 11675 | Abyss:2  | Noticed a green very ugly thing
 11677 | Abyss:2  | Noticed a green very ugly thing
 11678 | Abyss:2  | Noticed a green ugly thing
 11755 | Abyss:2  | Noticed a large abomination
 11764 | Abyss:2  | Noticed a thrashing horror
 11765 | Abyss:2  | Noticed a thrashing horror
 11768 | Abyss:2  | Killed a large abomination
 11772 | Abyss:2  | Noticed a large abomination
 11774 | Abyss:2  | Noticed a bone dragon
 11775 | Abyss:2  | HP: 8/115 [large abomination (35)]
 11777 | Abyss:2  | Demolished by a large abomination

Vanquished Creatures
  A boulder beetle (D:6)
  The ghost of Grinfader the Archer, a novice BaHu of Dithmenos (D:8)
  A large abomination (Abyss:2)
  A moth of wrath (D:8)
  Joseph (D:7)
  A kobold demonologist (D:8)
  A hornet (D:8)
  Prince Ribbit (D:7)
  A shadow (D:8)
  A vampire (D:9)
  3 yaks (D:8)
  3 wyverns
  Eustachio (D:5)
  A steam dragon (D:8)
  3 water moccasins
  2 ice beasts
  A black bear (D:5)
  2 orc warriors
  4 sky beasts
  6 wolves (Bailey)
  2 ogres
  2 centaurs
  3 kobold brigands
  4 bullfrogs
  7 scorpions
  8 gnoll sergeants
  A necrophage (D:5)
  5 wights (D:7)
  A small abomination (Abyss:2)
  20 killer bees
  2 howler monkeys (D:8)
  An electric eel (D:9)
  An orc priest (D:5)
  2 jellies
  9 gnoll shamans
  9 hounds
  7 iguanas
  7 orc wizards
  22 gnolls
  11 adders
  An ufetubus (D:6)
  A worm (D:2)
  A dart slug (D:4)
  26 orcs
  3 bats
  4 endoplasms
  A giant cockroach (D:3)
  9 goblins
  10 hobgoblins
  3 quokkas
  15 ball pythons
  3 frilled lizards
  12 kobolds
  A kobold skeleton (D:3)
  6 rats
256 creatures vanquished.

Vanquished Creatures (others)
  A bush (D:9)
  3 fungi (D:9)
  46 plants (D:9)
50 creatures vanquished.

Grand Total: 306 creatures vanquished

Table legend:
 A = Non-vault XP
 B = Vault XP
 C = Vault XP percentage of total XP
 D = Non-vault monster count
 E = Vault monster count
 F = Vault count percentage of total count
                 A         B        C        D         E       F
            +---------+---------+-------+---------+---------+-------
      Total |    8536 |    5513 |  39.2 |     195 |      61 |  23.8
            +---------+---------+-------+---------+---------+-------
        D:1 |      33 |       0 |   0.0 |      20 |       0 |   0.0
        D:2 |      46 |       0 |   0.0 |      13 |       0 |   0.0
        D:3 |     158 |      62 |  28.2 |      14 |      10 |  41.7
        D:4 |     426 |       0 |   0.0 |      32 |       0 |   0.0
        D:5 |    1233 |     846 |  40.7 |      21 |      10 |  32.3
        D:6 |    1494 |       0 |   0.0 |      11 |       0 |   0.0
        D:7 |    1582 |     723 |  31.4 |      34 |       2 |   5.6
        D:8 |    2591 |    1728 |  40.0 |      34 |       6 |  15.0
        D:9 |     973 |     340 |  25.9 |      14 |       2 |  12.5
    Abyss:2 |       0 |       0 |   N/A |       2 |       0 |   0.0
     Bailey |       0 |    1814 | 100.0 |       0 |      31 | 100.0
            +---------+---------+-------+---------+---------+-------

Illustrated notes

Table legend:
 A = Kills in this place as a percentage of kills in entire the game.
 B = Kills by you in this place as a percentage of kills by you in the entire game.
 C = Kills by friends in this place as a percentage of kills by friends in the entire game.
 D = Other kills in this place as a percentage of other kills in the entire game.
 E = Experience gained in this place as a percentage of experience gained in the entire game.
 F = Experience gained in this place divided by the number of levels of this place that you have seen.
                   A       B       C       D       E      F
               +-------+-------+-------+-------+-------+----------------------
         Total | 100.0 | 100.0 |   N/A |   N/A | 100.0 | 1277.2
       Dungeon |  87.1 |  87.1 |   N/A |   N/A |  87.1 | 1359.4
         Abyss |   0.8 |   0.8 |   N/A |   N/A |   0.0 |   0.0
        Bailey |  12.1 |  12.1 |   N/A |   N/A |  12.9 | 1814.0
               +-------+-------+-------+-------+-------+----------------------

Table legend: (Time is in decaauts)
 A = Elapsed time spent in this place.
 B = Non-inter-level travel time spent in this place.
 C = Inter-level travel time spent in this place.
 D = Time resting spent in this place.
 E = Time spent auto-exploring this place.
 F = Levels seen in this place.
 G = Mean time per level.
                   A        B        C        D        E       F      G
               +--------+--------+--------+--------+--------+-----+--------+
         Total |  11831 |  11564 |    267 |    876 |   9083 |  11 | 1075.5 |
       Dungeon |  10462 |  10195 |    267 |    370 |   8487 |   9 | 1162.4 |
         Abyss |     89 |     89 |      0 |      0 |      0 |   1 |   89.0 |
        Bailey |   1279 |   1279 |      0 |    506 |    596 |   1 | 1279.0 |
               +--------+--------+--------+--------+--------+-----+--------+

Top non-repeatable levels by time:
     D:8: 1731 daAuts
     D:5: 1575 daAuts
     D:7: 1481 daAuts
     D:4: 1421 daAuts
  Bailey: 1279 daAuts
     D:3: 1115 daAuts
     D:6: 996 daAuts
     D:1: 972 daAuts
     D:2: 782 daAuts
     D:9: 385 daAuts
 Abyss:2: 89 daAuts
